AoeStats
← GenCR7

Oasis

508789304Analyzed
4v4 RM · 6d ago on Sep 24, 2026· 55m 17s· 8 players
Game mode
Random Map
Map size
Large (8 player)
Population
200
Speed
Normal
Resources
Standard
Victory
Conquest
Starting age
Dark Age
Ending age
Imperial Age
RankedLock teamsTeams togetherTeam positionsShared explorationLock speedFull tech treeHidden civsTurbo modeCheats
Victory
Defeat
🇬🇧 Saxons · United Kingdom
745
+16
🇨🇳 Mongols · China
715
+17
🇨🇳 Varangians · China
694
+18
🇨🇳 Wu · China
607
+20
🇺🇸 Jurchens · United States
771
-19
🇺🇸 Poles · United States
764
-19
🇹🇷 Turks · Türkiye
754
-19
🇲🇽 Celts · Mexico
642
-14
Executioner's Bong
2:51 Loom
11:48 Feudal Age
12:23 Double-Bit Axe
14:13 Horse Collar
19:32 Arson
20:04 Forging
20:53 Scale Mail Armor
21:36 Stone Mining
23:48 Castle Age
21:42 Gold Mining
23:37 Fletching
24:44 Gambesons
25:04 Squires
25:53 Iron Casting
26:23 Bodkin Arrow
27:12 Gold Shaft Mining
28:16 Bow Saw
28:14 Town Watch
29:49 Heavy Plow
32:53 Wheelbarrow
34:38 Hand Cart
41:30 Imperial Age
40:15 Fortified Wall
39:47 Treadmill Crane
41:59 Shield Wall
44:57 Bracer
44:51 Guard Tower
45:17 Masonry
46:05 Elite Hearth Troop
49:36 Two-Man Saw
48:54 Caravan
49:33 Chain Mail Armor
50:01 Conscription
54:43 Elite Varangian Guard
刺猬
1:32 Loom
11:49 Feudal Age
12:20 Double-Bit Axe
13:58 Horse Collar
20:50 Castle Age
19:01 Stone Mining
19:32 Gold Mining
22:11 Stone Shaft Mining
21:51 Bow Saw
21:56 Heavy Plow
24:03 Gold Shaft Mining
24:45 Treadmill Crane
25:47 Arson
26:04 Squires
26:40 Ballistics
28:39 Wheelbarrow
30:57 Murder Holes
32:28 Red Cliffs Tactics
33:07 Fletching
34:02 Caravan
34:54 Masonry
39:02 Imperial Age
37:22 Hand Cart
37:09 Bodkin Arrow
38:07 Forging
37:58 Padded Archer Armor
37:58 Scale Mail Armor
39:47 Sitting Tiger
40:11 Conscription
40:46 Architecture
40:23 Scale Barding Armor
41:51 Chemistry
41:44 Elite Fire Archer
47:59 Bracer
48:14 Leather Archer Armor
48:35 Iron Casting
48:15 Chain Mail Armor
48:21 Chain Barding Armor
wzr
6:52 Loom
10:37 Feudal Age
23:02 Castle Age
21:16 Double-Bit Axe
21:18 Horse Collar
22:58 Gold Mining
23:01 Stone Mining
35:33 Imperial Age
33:53 Thumb Ring
33:42 Fletching
36:34 Wheelbarrow
36:03 Husbandry
36:14 Bloodlines
36:09 Padded Archer Armor
36:04 Bodkin Arrow
36:20 Forging
38:22 Gold Shaft Mining
38:23 Stone Shaft Mining
38:22 Parthian Tactics
38:44 Caravan
39:11 Bow Saw
38:32 Light Cavalry
39:54 Conscription
39:26 Town Watch
40:25 Leather Archer Armor
40:47 Iron Casting
40:58 Nomads
41:50 Bracer
41:56 Scale Barding Armor
41:15 Hussar
42:54 Elite Mangudai
45:14 Blast Furnace
44:34 Chain Barding Armor
44:41 Ballistics
48:05 Chemistry
49:33 Murder Holes
Antonio
10:29 Loom
12:15 Feudal Age
16:08 Castle Age
13:58 Double-Bit Axe
14:07 Gold Mining
17:28 Bow Saw
17:23 Horse Collar
20:50 Husbandry
21:01 Bloodlines
24:18 Forging
28:52 Scale Barding Armor
29:23 Iron Casting
31:02 Wheelbarrow
30:12 Town Watch
30:39 Stone Mining
30:52 Heavy Plow
34:44 Imperial Age
33:44 Stone Shaft Mining
35:39 Hand Cart
35:25 Town Patrol
35:01 Elite Jarl
36:03 Conscription
38:05 Blast Furnace
37:25 Chain Barding Armor
38:06 Blast Furnace
41:12 Plate Barding Armor
41:40 Two-Man Saw
41:13 Crop Rotation
49:29 Caravan
49:59 Coinage
49:39 Guilds
AloneArcher
12:32 Feudal Age
19:29 Castle Age
24:37 Double-Bit Axe
25:36 Horse Collar
26:26 Bow Saw
27:38 Heavy Plow
28:01 Gold Mining
28:26 Stone Mining
29:49 Wheelbarrow
30:49 Caravan
31:44 Gold Shaft Mining
38:04 Imperial Age
40:36 Two-Man Saw
41:39 Hand Cart
47:04 Heavy Camel Rider
48:48 Conscription
49:16 Town Watch
49:17 Loom
50:59 Elite Janissary
nameBURRITO
12:16 Feudal Age
12:59 Double-Bit Axe
13:50 Horse Collar
22:01 Castle Age
20:39 Bloodlines
21:23 Gold Mining
21:26 Stone Mining
23:22 Squires
24:04 Husbandry
26:35 Scale Barding Armor
39:58 Ballistics
41:16 Pikeman
44:47 Siege Engineers
47:12 Murder Holes
54:33 Bow Saw
GenCR7
0:51 Loom
16:05 Feudal Age
17:56 Double-Bit Axe
17:55 Horse Collar
20:35 Wheelbarrow
23:37 Castle Age
21:59 Man-at-Arms
24:40 Long Swordsman
25:02 Pikeman
27:00 Scale Mail Armor
28:35 Town Watch
30:52 Forging
30:33 Fletching
30:43 Padded Archer Armor
30:49 Scale Barding Armor
31:07 Hand Cart
31:26 Bow Saw
31:20 Heavy Plow
33:42 Elite Skirmisher
38:56 Imperial Age
36:57 Gold Mining
37:02 Stone Mining
37:59 Leather Archer Armor
37:53 Arson
37:53 Gambesons
39:21 Capped Ram
41:24 Chemistry
41:05 Siege Ram
46:07 Halberdier
47:50 Husbandry
51:32 Iron Casting
VersedSeal9311
0:36 Loom
13:44 Feudal Age
15:31 Horse Collar
16:30 Double-Bit Axe
20:53 Castle Age
20:16 Gold Mining
20:18 Stone Mining
22:50 Heavy Plow
23:57 Wheelbarrow
24:04 Caravan
25:16 Bow Saw
27:38 Hand Cart
27:59 Light Cavalry
28:50 Bloodlines
28:41 Husbandry
30:17 Stone Shaft Mining
33:38 Forging
34:28 Scale Barding Armor
34:17 Fletching
35:36 Szlachta Privileges
37:02 Iron Casting
36:48 Chain Barding Armor
40:01 Imperial Age
39:09 Bodkin Arrow
39:15 Padded Archer Armor
39:16 Scale Mail Armor
40:02 Cavalier
41:24 Crop Rotation
41:38 Conscription
41:41 Lechitic Legacy
40:41 Elite Obuch
43:54 Blast Furnace
42:55 Bracer
43:04 Winged Hussar
45:08 Chain Mail Armor
45:09 Leather Archer Armor
45:41 Treadmill Crane
45:57 Murder Holes
46:23 Ballistics
46:13 Fortified Wall
47:04 Chemistry
46:15 Masonry
46:11 Siege Engineers
50:12 Hoardings
Connection lost

Rejoining the realm…

Still unreachable

The connection could not be restored.

Session expired

The server has moved on; the page needs a fresh start.